cohdb
Replays
Latest Replays
All Replays
Popular Replays
Top Player Replays
Match Explorer
How It Works
Community
CoH3 Stats
Reddit
Sign in to upload your games and track your stats! →
Sign in with Steam
Match 43698834
Unlisted
Match 43698834
Overview
Messages
Build Orders
End
Vickers Machine Gun Team
Construct Section Command Post
Selects Canadian Shock Battlegroup
Dingo Light Scout Car
Infantry Section
Construct Field Infirmary
Selects Attacking Spirit
Selects Canadian Shock Section
Canadian Shock Section
Canadian Shock Section
Construct Platoon Command Post
Selects Incendiary Munitions
Unlock Bishop Self-propelled Artillery
Selects Point Assault
Bishop Self-propelled Artillery
Unlock M3 Stuart Light Tanks
Infantry Section
Canadian Shock Section
M3 Stuart Light Tank
Selects Pyrotechnics
九仙
Megapig
밥좀먹고
Ark
Sitonia
matrix4x4
Sancho Panzer
CiscoCrisco
0
0
Comments
sign in to comment!
No comments posted yet!